Map: Lerilak Crest

Players

LilDicky - Winner!

  • Race: Terran Terran
  • League: Platinum

Atom

  • Race: Zerg Zerg
  • League: Platinum

VOD

http://www.twitch.tv/tumescentpie

Description

Time

  • Played on: Nov. 20, 2015, 9:58 a.m.
  • Length: 15:21
Show
View Real Time Build Order
Export as new Build Order

LilDicky Terran - Winner!

Build Orders: Liberator Opening 

Get SALT Encoding   

  12  0:02  SCV  
  13  0:15  SCV  
  14  0:22  Supply Depot  
  14  0:32  SCV  
  14  0:34  Refinery  
  15  0:44  SCV  
  15  0:47  Barracks  
  16  0:56  SCV  
  17  1:08  SCV  
  18  1:24  SCV  
  19  1:35  Supply Depot  
  19  1:36  Orbital Command  
  20  1:42  Factory  
  19  1:47  Barracks Tech Lab  
  19  1:50  Refinery  
  19  2:00  Barracks  
  19  2:07  Marauder  
  21  2:10  SCV  
  22  2:22  SCV  
  23  2:26  Hellion, Stimpack  
  25  2:31  Marauder  
  25  2:34  SCV  
  28  2:47  Barracks Reactor  
  28  2:48  Hellion  
  28  2:50  SCV  
  31  3:02  Supply Depot  
  31  3:08  Starport  
  31  3:10  Marauder  
  33  3:29  Hellion x2  
  33  3:31  Marauder  
  33  3:32  Barracks Tech Lab  
  39  3:40  SCV  
  39  3:41  Armory  
  40  3:42  Liberator  
  40  3:50  Hellion x2  
  47  4:28  Supply Depot, Hellion, Concussive Shells, Marauder  
  47  4:30  Marauder  
  53  4:38  Widow Mine  
  53  4:39  Liberator  
  55  4:59  Marauder x2  
  62  5:26  Hellion  
  51  6:04  Orbital Command  
  25  7:06  SCV  
  23  7:14  Supply Depot x2  
  23  7:15  Supply Depot  
  23  7:16  Engineering Bay  
  23  7:24  Marine x2  
  22  7:42  Marine x2  
  21  7:57  Bunker  
  21  8:00  Marine x2  
  21  8:04  SCV  
  24  8:17  SCV  
  24  8:18  Marine x2  
  27  8:29  SCV  
  27  8:31  Supply Depot  
  27  8:34  Supply Depot  
  28  8:35  Marine x2  
  28  8:41  SCV, Factory  
  31  8:53  Marine  
  32  9:16  Marine  
  32  9:17  Marine  
  34  9:34  Marine x2  
  33  9:48  SCV  
  33  9:52  Marine x2  
  25  10:09  Widow Mine  
  25  10:10  Marine x2  
  29  10:15  Missile Turret  
  29  10:16  Command Center  
  29  10:22  Missile Turret  
  29  10:28  Barracks, Marine x2  
  31  10:29  Barracks  
  27  10:45  Marine  
  27  10:48  Barracks Tech Lab  
  28  10:51  Widow Mine  
  28  10:53  SCV  
  31  11:03  Marine  
  32  11:06  SCV  
  33  11:18  Marine x2  
  33  11:20  SCV  
  33  11:21  Marine  
  37  11:32  SCV  
  38  11:39  Marine  
  39  11:40  Marine x2  
  42  11:47  SCV, Marine  
  42  11:49  Missile Turret  
  42  11:52  Combat Shields  
  43  12:02  Orbital Command  
  43  12:03  SCV  
  43  12:04  Marine x2  
  43  12:06  Factory Reactor  
  46  12:12  Refinery  
  46  12:15  Refinery, Marine x2  
  46  12:17  Refinery  
  46  12:20  SCV  
  49  12:32  SCV  
  34  13:00  Marine x4  
  34  13:03  SCV  
  34  13:05  SCV  
  39  13:08  Hellion x2  
  43  13:14  Starport  
  43  13:19  Barracks Reactor x3  
  43  13:24  Terran Infantry Weapons Level 1  
  43  13:29  SCV, Engineering Bay  
  44  13:38  Marine  
  45  13:43  SCV  
  45  13:47  Liberator  
  45  13:55  Marine  
  45  13:59  Marine x2  
  45  14:00  Marine x4  
  52  14:04  Medivac  
  52  14:05  SCV  
  52  14:06  SCV  
  59  14:11  Supply Depot, Missile Turret  
  59  14:13  Marine  
  60  14:17  SCV, Marine x2  
  60  14:21  Marine  
  60  14:22  Marine x2  
  60  14:23  Marine  
  67  14:31  Marine  
  67  14:35  Marine  
  69  14:39  Marine x3  
  69  14:40  SCV  
  69  14:41  Marine x2  
  69  14:44  Medivac  
Show
View Real Time Build Order
Export as new Build Order

Atom Zerg 

Build Orders: Pool First, Roach Nydus 

Get SALT Encoding   

  12  0:01  Drone  
  13  0:08  Drone  
  14  0:16  Overlord  
  14  0:35  Drone x3  
  17  0:47  Spawning Pool  
  17  0:48  Drone  
  17  1:13  Hatchery  
  16  1:24  Drone x3  
  19  1:36  Overlord  
  19  1:37  Extractor  
  18  1:41  Queen  
  20  1:49  Drone  
  21  2:03  Drone  
  22  2:09  Roach Warren  
  22  2:10  Drone  
  22  2:20  Drone  
  23  2:23  Extractor  
  23  2:24  Queen  
  23  2:26  Drone  
  25  2:33  Drone  
  26  2:39  Drone  
  26  2:41  Drone  
  26  2:44  Lair  
  28  2:50  Drone  
  28  2:51  Overlord  
  29  2:53  Drone  
  30  3:01  Roach x2  
  34  3:07  Overlord  
  34  3:12  Roach  
  36  3:17  Metabolic Boost  
  36  3:26  Drone  
  37  3:36  Spine Crawler, Zergling x4  
  37  3:37  Zergling x4  
  40  3:45  Glial Reconstitution  
  40  4:01  Drone  
  40  4:02  Drone x2  
  43  4:07  Zergling x6  
  46  4:19  Spine Crawler, Nydus Network  
  46  4:22  Roach  
  46  4:23  Zergling x8  
  50  4:30  Drone  
  51  4:34  Overlord  
  51  4:36  Overseer  
  51  4:52  Overlord  
  51  4:53  Roach x4  
  59  5:05  Nydus Canal  
  59  5:09  Overlord  
  59  5:10  Overlord  
  59  5:17  Zergling x8  
  63  5:24  Zergling x4  
  63  5:25  Zergling x2  
  66  5:33  Roach  
  66  5:34  Spine Crawler  
  67  5:40  Roach x2  
  71  5:49  Roach x2  
  62  6:08  Roach x3  
  55  6:24  Roach  
  34  6:32  Roach  
  34  6:33  Roach x3  
  34  6:34  Spine Crawler  
  38  6:41  Roach  
  25  7:10  Spire  
  25  7:13  Drone x3  
  27  7:28  Queen  
  21  8:03  Drone, Queen  
  17  8:28  Spore Crawler  
  17  8:29  Spore Crawler  
  17  8:31  Zerg Flyer Weapons Level 1  
  13  8:57  Hatchery  
  13  8:58  Drone  
  13  9:05  Queen  
  13  9:07  Mutalisk  
  15  9:21  Mutalisk  
  17  9:29  Mutalisk  
  19  9:40  Mutalisk  
  21  9:50  Mutalisk  
  13  10:12  Overseer  
  13  10:22  Drone  
  14  10:36  Drone  
  15  10:57  Drone  
  16  11:06  Drone  
  17  11:15  Drone  
  18  11:56  Zergling x2  
  18  11:57  Zergling x4  
  21  12:21  Hatchery  
  20  12:38  Mutalisk  
  22  12:45  Zergling x2  
  20  13:06  Drone  
  20  13:07  Drone x2  
  20  13:12  Zergling x2  
  24  13:28  Drone  
  24  13:29  Drone  
  26  13:41  Drone  
  27  13:57  Mutalisk  
  27  14:01  Drone  
  30  14:07  Drone  
  31  14:22  Mutalisk  
  33  14:33  Roach  
  33  14:37  Drone  
  36  14:47  Roach  
  37  15:03  Drone  
  40  15:08  Drone  
Tags
 
Add a new tag
Caveats
  • Supply blocks, unpowered buildings, or Contaminate may cause inaccurate times.
  • Supply counts are checked every 10 seconds.